AoeStats
← Iwwan

Arena

510244149Analyzed
1v1 RM · 22h ago on Sep 30, 2026· 37m 37s· 2 players
Game mode
Random Map
Map size
Tiny (2 player)
Population
200
Speed
Normal
Resources
Standard
Victory
Conquest
Starting age
Dark Age
Ending age
Imperial Age
RankedLock teamsTeams togetherTeam positionsShared explorationLock speedFull tech treeHidden civsTurbo modeCheats
Victory
Defeat
🇨🇴 Bohemians · Colombia
1030
+14
🇦🇺 Britons · Australia
985
-37
Iwwan
11:13 Feudal Age
12:39 Wheelbarrow
12:12 Double-Bit Axe
13:57 Horse Collar
18:53 Padded Archer Armor
28:02 Castle Age
29:00 Crossbowman
30:16 Hand Cart
33:01 Bow Saw
35:49 Gold Mining
35:52 Stone Mining
lORD_IM
11:30 Feudal Age
15:17 Castle Age
13:25 Double-Bit Axe
13:34 Horse Collar
15:46 Loom
17:26 Wheelbarrow
16:59 Fletching
17:23 Bow Saw
21:57 Heavy Plow
23:01 Hand Cart
26:25 Redemption
27:17 Sanctity
27:47 Fervor
32:00 Imperial Age
31:33 Chemistry
30:54 Bodkin Arrow
33:07 Bracer
33:30 Ballistics
33:13 Squires
33:50 Town Watch
33:41 Capped Ram
35:07 Conscription
35:58 Two-Man Saw
36:50 Town Patrol
38:08 Wagenburg Tactics
Connection lost

Rejoining the realm…

Still unreachable

The connection could not be restored.

Session expired

The server has moved on; the page needs a fresh start.